 Dungeon Crawl Stone Soup version 0.28-a0-691-gad6df49e81 (webtiles) character file.

Game seed: 690858310368993006

102 Rocko1345 the Magician (level 4, -1/24 HPs)
             Began as a Deep Elf Hedge Wizard on Oct 22, 2021.
             Slain by a bullfrog (3 damage)
             ... on level 3 of the Dungeon.
             The game lasted 00:13:56 (3492 turns).

Rocko1345 the Magician (Deep Elf Hedge Wizard)      Turns: 3492, Time: 00:13:57

Health: -1/24      AC:  2    Str:  7    XL:     4   Next: 50%
Magic:  0/13       EV: 13    Int: 26    God:
Gold:   22         SH:  0    Dex: 14    Spells: 6/14 levels left

rFire   . . .      SeeInvis .   h - +1 spear
rCold   . . .      Faith    .   (no shield)
rNeg    . . .      Spirit   .   b - +0 robe
rPois   .          Reflect  .   c - +0 hat
rElec   .          Harm     .   (no cloak)
rCorr   .          Rampage  .   (no gloves)
Will    .....                   (no boots)
Stlth   ++........              (no amulet)
HPRegen 0.08/turn               f - +6 ring of intelligence
MPRegen 0.13/turn               (no ring)

@: very slightly contaminated
A: no striking features
a: no special abilities


You were on level 3 of the Dungeon.
You visited 1 branch of the dungeon, and saw 3 of its levels.

You collected 22 gold pieces.

Inventory:

Hand Weapons
 a - a +0 dagger
 h - a +1 spear (weapon)
Missiles
 n - 47 arrows
Armour
 b - a +0 robe (worn)
 c - a +0 hat (worn)
 l - a +0 plate armour
Jewellery
 f - a +6 ring of intelligence (left hand)
Scrolls
 d - a scroll of enchant weapon
 e - a scroll of acquirement {unknown}
 i - a scroll of vulnerability {unknown}
 o - a scroll of noise {unknown}
Potions
 g - a potion of resistance {unknown}
 j - 2 potions of heal wounds
 k - a potion of brilliance {unknown}
 m - a potion of curing {unknown}


   Skills:
 + Level 0.1 Fighting
 + Level 0.1 Polearms
 + Level 2.9 Dodging
 + Level 3.2 Stealth
 * Level 5.7 Spellcasting
 * Level 2.4 Conjurations
 + Level 1.2 Summonings
 + Level 1.1 Translocations
 + Level 0.6 Air Magic


You had 6 spell levels left.
You knew the following spells:

 Your Spells              Type           Power      Damage    Failure   Level
a - Magic Dart            Conj           80%        1d7       2%          1
b - Blink                 Tloc           N/A        N/A       7%          2
c - Mephitic Cloud        Conj/Pois/Air  12%        N/A       14%         3
d - Call Imp              Summ           13%        N/A       7%          2

Your spell library contained the following spells:

 Spells                   Type           Power      Damage    Failure   Level
 Slow                     Hex            7%         N/A       11%         2
 Conjure Flame            Conj/Fire      13%        6-21      13%         3


Dungeon Overview and Level Annotations

Branches:
Dungeon (3/15)

Altars:


Message History

The goblin is moderately wounded.
A jelly comes into view.
Casting: Magic Dart (safe; 2% risk of failure)
Confirm with . or Enter, or press ? or * to list all spells.
Okay, then.
Casting: Magic Dart (safe; 2% risk of failure)
Confirm with . or Enter, or press ? or * to list all spells.
You blink.
You hit the goblin.
You kill the goblin!
The bullfrog closely misses you. The bullfrog hits you.
The bullfrog misses you. The bullfrog barely misses you. The bullfrog hits you.
Your iron imp disappears in a puff of smoke!
The bullfrog misses you. The bullfrog hits you.
The bullfrog completely misses you. The jelly misses you.
The bullfrog hits you!
* * * LOW HITPOINT WARNING * * *
The bullfrog hits you but does no damage.
Casting: Blink (safe; 7% risk of failure)
Confirm with . or Enter, or press ? or * to list all spells.
You blink.
Casting: Blink (safe; 7% risk of failure)
Confirm with . or Enter, or press ? or * to list all spells.
You blink.
You hear the rapid rusting of a drain very nearby.
Casting: Blink (safe; 7% risk of failure)
Confirm with . or Enter, or press ? or * to list all spells.
You miscast Blink.
You are very lightly contaminated with residual magic.
Nothing appears to happen.
Casting: Blink (safe; 7% risk of failure)
Confirm with . or Enter, or press ? or * to list all spells.
You blink.
Sorry, you're not good enough to have a special ability.
The bullfrog hits you.
You die...

.#...)### #...................
.##..## ##...................
.##..# .................#...
.##..# ..........>..........
.....# ..........##..###.###
#...## #........##.##..# .....#
#.......)##.###.# .###.#
#........##..##.# #
#.###........@.#....# ### #+
.###.##.........F.###.§###.####..
......#...........###............
..#...#.......#...#..............
. #...........†.....#............
##..........#...###...........#
#..........#...# #....).)...##
#..........#...# #..........#
#.......>.###### #..........#


You could see a bullfrog.

Vanquished Creatures
  4 adders
  4 worms
  2 dart slugs
  5 ball pythons
  3 endoplasms
  2 giant cockroaches
  5 hobgoblins
  4 jackals (D:1)
  6 bats
  3 frilled lizards
  6 goblins
  6 kobolds
  2 rats
52 creatures vanquished.

Vanquished Creatures (collateral kills)
  An endoplasm (D:3)
1 creature vanquished.

Grand Total: 53 creatures vanquished

Notes
Turn   | Place    | Note
-------+----------+-------------------------------------------
     0 | D:1      | Rocko1345 the Deep Elf Hedge Wizard began the quest for the
                  | Orb.
     0 | D:1      | Reached XP level 1. HP: 10/10 MP: 7/7
    46 | D:1      | Found a faded altar of an unknown god.
   328 | D:1      | Reached XP level 2. HP: 15/15 MP: 5/9
   526 | D:1      | Learned a level 2 spell: Blink
   788 | D:1      | Reached skill level 5 in Spellcasting
  1080 | D:2      | Reached XP level 3. HP: 19/19 MP: 2/11
  1159 | D:2      | Learned a level 3 spell: Mephitic Cloud
  1984 | D:2      | Reached XP level 4. HP: 24/24 MP: 2/13
  2069 | D:2      | Learned a level 2 spell: Call Imp
  3456 | D:3      | Noticed a bullfrog
  3482 | D:3      | HP: 1/24 [bullfrog (7)]
  3492 | D:3      | Slain by a bullfrog

Illustrated notes

Levels and vault maps discovered:
D:1:      heliophobic_arrival_glass_houses, layout_basic,
          hellmonk_ecumenical_altar_run_dry
D:2:      layout_basic
D:3:      layout_rooms, gup_sewer_entry_bowl, uniq_crazy_yiuf_cottage

Skill      XL: |  1  2  3 |
---------------+----------+-----
Spellcasting   | 5 |  5.7
Stealth        | 3 |  3.2
Conjurations   | 2 |  2.4
Fighting       | |  0.1
Polearms       | |  0.1
Dodging        | |  2.9
Summonings     | |  1.2
Translocations | |  1.1
Air Magic      | |  0.6

Action                   |  1- 3 |  4- 6 || total
-------------------------+-------+-------++-------
Melee: Spear             |    31 |    13 ||    44
       Dagger            |    11 |       ||    11
 Cast: Magic Dart        |    67 |    42 ||   109
       Blink             |     2 |     5 ||     7
       Mephitic Cloud    |     1 |       ||     1
       Call Imp          |       |     3 ||     3
  Use: Scroll            |     5 |       ||     5
Armor: Robe              |     9 |     5 ||    14
Dodge: Dodged            |    46 |    16 ||    62

Table legend: (Time is in decaauts)
 A = Elapsed time spent in this place.
 B = Non-inter-level travel time spent in this place.
 C = Inter-level travel time spent in this place.
 D = Time resting spent in this place.
 E = Time spent auto-exploring this place.
 F = Levels seen in this place.
 G = Mean time per level.
                   A        B        C        D        E       F      G
               +--------+--------+--------+--------+--------+-----+--------+
         Total |   3493 |   3444 |     49 |   1292 |   1359 |   3 | 1164.3 |
       Dungeon |   3493 |   3444 |     49 |   1292 |   1359 |   3 | 1164.3 |
               +--------+--------+--------+--------+--------+-----+--------+

Top non-repeatable levels by time:
     D:2: 1878 daAuts
     D:1: 1027 daAuts
     D:3: 587 daAuts
